 Dungeon Crawl Stone Soup version 0.14-a0-848-g57a047c (webtiles) character file.

257 4tharraofdagon the Practitioner (level 5, -1/46 HPs)
             Began as a Deep Dwarf Healer on Nov 14, 2013.
             Was a Believer of Elyvilon.
             Slain by a centaur (6 damage)
             ... on Level 7 of the Dungeon.
             The game lasted 00:05:27 (645 turns).

4tharraofdagon the Practitioner (Deep Dwarf Healer)  Turns: 645, Time: 00:05:28

HP  -1/46        AC  3     Str 17      XL: 5   Next: 55%
MP  10/11        EV 12     Int 12      God: Elyvilon [**....]
Gold 49          SH  0     Dex 12      Spells:  0 memorised,  4 levels left

Res.Fire  : . . .   See Invis. : .   o - -1,+4 orc great sword
Res.Cold  : . . .   Warding    : .   a - +1 robe
Life Prot.: . . .   Conserve   : .   (no shield)
Res.Poison: .       Res.Corr.  : .   (no helmet)
Res.Elec. : .       Clarity    : .   (no cloak)
Sust.Abil.: . .     Spirit.Shd : .   (no gloves)
Res.Mut.  : .       Stasis     : .   (no boots)
Res.Rott. : .       Flight     : .   (no amulet)
Saprovore : . . .                    (no ring)
                                     h - ring of sustenance

@: non-regenerating, somewhat resistant to hostile enchantments, unstealthy
A: damage resistance, recharge devices, sense surroundings 1, slow healing 3
a: Device Recharging, Lesser Healing, Lesser Self-Healing, Divine Protection,
Purification, Renounce Religion


You were on level 7 of the Dungeon.
You worshipped Elyvilon.
Elyvilon was pleased with you.
You were not hungry.

You visited 1 branch of the dungeon, and saw 7 of its levels.

You collected 88 gold pieces.
You spent 39 gold pieces at shops.

Inventory:

Hand weapons
 o - a -1,+4 orcish great sword (weapon)
Missiles
 l - 6 curare-tipped needles
Armour
 a - a +1 robe (worn)
 k - the -6 ring mail of the Armoured One {rC++ Int+4}
   (You found it on level 4 of the Dungeon)

   It affects your intelligence (+4).
   It greatly protects you from cold.
 t - a cursed +0 leather armour
Magical devices
 d - a wand of heal wounds (2)
Comestibles
 f - 3 bread rations
Scrolls
 e - a scroll of recharging {unknown}
 g - 2 scrolls of blinking {unknown}
 i - a scroll of remove curse
 m - a scroll of teleportation
 n - a scroll of noise {unknown}
 p - a scroll of immolation {unknown}
Jewellery
 h - a ring of sustenance (left hand)
Potions
 b - 2 potions of curing
 c - a potion of heal wounds
 j - a potion of paralysis {unknown}
 q - a potion of mutation {unknown}
 r - 2 potions of might {unknown}
 s - a potion of invisibility {unknown}


   Skills:
 + Level 2.2 Fighting
 - Level 2.1 Dodging
 * Level 8.5 Invocations


You had 4 spell levels left.
You didn't know any spells.

Dungeon Overview and Level Annotations

Branches:
Dungeon (7/16)             Temple (0/1) D:5
    Orc: D:6-11

Altars:
Okawaru

Shops:
D:5 ?


Innate Abilities, Weirdness & Mutations

You are resistant to damage.
You can recharge devices by infusing magical energy.
You passively map a small area around you.
You do not heal naturally.


Message History

Really attack the neutral hound?
Okay, then.
Unknown command.
The centaur hits you. The hound barely misses you.
Unknown command.
The centaur hits you. The centaur hits you!
* * * LOW HITPOINT WARNING * * *
The hound bites you.
* * * LOW HITPOINT WARNING * * *
The centaur hits you but does no damage.
The centaur barely misses you. The hound bites you but does no damage.
Unknown command.
The centaur hits you!
* * * LOW HITPOINT WARNING * * *
The centaur hits you but does no damage.
The hound completely misses you.
Unknown command.
The centaur hits you!
You die...

#.#.......#)######
** *
#.........#(#####
#..##'##.......(#
##.#...#........# ,
#.+.<.'........#
#.#...#..#.....##.#
#.##+##..#........#
, #.,
....###.####..., #,
..........c@#
##.###.##.##h#,*
#.* #.##.##.#, , ,
#c .##....# , * #
.#####.# *, * ... *
... * * * #.# ..#


You could see a neutral centaur (wandering) and a neutral hound (wandering).

Vanquished Creatures
  A worker ant (D:7)
  An orc (D:6)
  A bat (D:7)
  A giant cockroach (D:7)
  A goblin (D:1)
  A rat (D:6)
6 creatures vanquished.

Vanquished Creatures (others)
  A scorpion (D:5)
  2 orcs (D:6)
  2 training dummies (D:5)
  A kobold (D:7)
6 creatures vanquished.

Grand Total: 12 creatures vanquished

Notes
Turn   | Place    | Note
--------------------------------------------------------------
     0 | D:1      | 4tharraofdagon, the Deep Dwarf Healer, began the quest for the Orb.
     0 | D:1      | Reached XP level 1. HP: 19/19 MP: 2/2
   149 | D:4      | Got a slimy ring mail
   159 | D:4      | Identified the cursed -6 ring mail of the Armoured One {rC++ Int+4} (You found it on level 4 of the Dungeon)
   211 | D:5      | Entered Level 5 of the Dungeon
   220 | D:5      | Noticed a hound
   225 | D:5      | Pacified a hound
   225 | D:5      | Reached skill level 5 in Invocations
   225 | D:5      | Reached XP level 2. HP: 26/26 MP: 0/4
   228 | D:5      | Noticed a scorpion
   247 | D:5      | Found an iron altar of Okawaru.
   262 | D:5      | Noticed an ogre
   271 | D:5      | Pacified an ogre
   271 | D:5      | Reached skill level 6 in Invocations
   271 | D:5      | Reached XP level 3. HP: 25/32 MP: 4/6
   271 | D:5      | Killed a scorpion
   279 | D:5      | Found Okangiw's Magic Scroll Shoppe.
   285 | D:5      | Noticed a hound
   286 | D:5      | Noticed an ice beast
   287 | D:5      | Bought a scroll of teleportation for 39 gold pieces
   288 | D:5      | Pacified a hound
   288 | D:5      | Reached skill level 7 in Invocations
   288 | D:5      | Reached XP level 4. HP: 30/39 MP: 6/8
   302 | D:6      | Noticed a centaur
   304 | D:5      | Pacified an ice beast
   340 | D:5      | Found a staircase to the Ecumenical Temple.
   362 | D:5      | Noticed an orc wizard
   486 | D:6      | Noticed an orc warrior
   560 | D:7      | Noticed a centaur
   585 | D:7      | Reached skill level 8 in Invocations
   585 | D:7      | Reached XP level 5. HP: 30/46 MP: 4/11
   596 | D:7      | Pacified a centaur
   645 | D:7      | Slain by a centaur

Action                   |  1- 3 |  4- 6 || total
-------------------------+-------+-------++-------
Melee: Unarmed           |     5 |       ||     5
       Great sword       |       |    22 ||    22
Invok: Lesser Healing    |     7 |    19 ||    26
 Abil: Device Recharging |     1 |     1 ||     2
Evoke: Wand              |     6 |     3 ||     9
  Use: Scroll            |     2 |       ||     2
       Potion            |       |     1 ||     1
